 Dungeon Crawl Stone Soup version 0.31.0-11-ge490571c62 (webtiles) character file.

Game seed: 4723311229149835618

140 qw the Skirmisher (level 5, -2/29 HPs)
             Began as a Deep Elf Hunter on Feb 3, 2024.
             Constricted to death by Ijyb (3 damage)
             ... on level 4 of the Dungeon.
             The game lasted 00:00:09 (2548 turns).

qw the Skirmisher (Deep Elf Hunter)                 Turns: 2548, Time: 00:00:10

Health: -2/29      AC:  6    Str: 14 (16) XL:     5   Next: 2%
Magic:  7/7        EV:  9    Int: 14      God:
Gold:   103        SH:  0    Dex: 21 (24) Spells: 4/4 levels left

rFire   . . .        a - +1 shortbow
rCold   . . .        (shield currently unavailable)
rNeg    . . .        d - +1 ring mail
rPois   .            (no helmet)
rElec   .            (no cloak)
rCorr   .            (no gloves)
SInv    .            (no boots)
Will    .....        (no amulet)
Stlth   +            h - +6 ring of strength
HPRegen 0.24/turn    i - +6 ring of dexterity
MPRegen 0.10/turn

%: no passive effects
@: about to teleport, grasped by roots, constricted
A: no striking features
a: no special abilities


You were on level 4 of the Dungeon.
You visited 1 branch of the dungeon, and saw 4 of its levels.

You collected 103 gold pieces.


   Skills:
 - Level 1.5 Fighting
 + Level 8.2 Ranged Weapons
 - Level 3.0 Dodging
 - Level 1.2 Stealth


You had 4 spell levels left.
You didn't know any spells.
Your spell library was empty.

Inventory:

Hand Weapons
 a - a +1 shortbow (weapon)
Armour
 d - a +1 ring mail (worn)
Jewellery
 h - a +6 ring of strength (left hand)
 i - a +6 ring of dexterity (right hand)
 k - a ring of willpower
Wands
 f - a wand of flame (27)
Scrolls
 b - a scroll of teleportation
 c - a scroll of identify
Potions
 e - a potion of cancellation {unknown}
 g - 3 potions of haste
 j - a potion of brilliance {unknown}
 m - a potion of curing

Dungeon Overview and Level Annotations

Branches:
Dungeon (4/15)
 Temple: D:4-7

Altars:

Annotations:
D:4 Ijyb


Message History

k - a ring of willpower A kobold comes into view.
It is wielding a +0 whip.
You shoot an arrow. The arrow hits the kobold.
You kill the kobold!
Things that are here:
a +0 whip; 5 stones; a kobold corpse You open the door.
Ijyb the Twisted Goblin comes into view.
She is wielding a +0 club, wearing a +1 ring mail of willpower and carrying a wand of roots.
You shoot an arrow. The arrow hits Ijyb but does no damage.
Ijyb shouts!
Ijyb screams, "I dance on your bones!"
There is an open door here.
You shoot an arrow. The arrow hits Ijyb but does no damage.
You shoot an arrow. The arrow hits Ijyb.
Ijyb is moderately wounded.
Ijyb zaps a wand.
The roots erupt in riotous growth!
The grasping roots grab you! The grasping roots constrict you. x2
You shoot an arrow. The arrow hits Ijyb.
Ijyb is moderately wounded.
The grasping roots constrict you.
You shoot an arrow. The arrow barely misses Ijyb.
The grasping roots constrict you.
The grasping roots release their grip on you.
You shoot an arrow. The arrow barely misses Ijyb.
Ijyb zaps a wand.
The roots erupt in riotous growth!
The grasping roots grab you!
Ijyb is unaffected.
The grasping roots constrict you.
You shoot an arrow. The arrow closely misses Ijyb.
Ijyb hits you but does no damage. The grasping roots constrict you.
You shoot an arrow. The arrow hits Ijyb but does no damage.
Ijyb is moderately wounded.
Ijyb barely misses you. The grasping roots constrict you.
2547 ||| READING 2 scrolls of teleportation.
As you read the scroll of teleportation, it crumbles to dust.
You feel strangely unstable. Ijyb hits you but does no damage.
The grasping roots constrict you.
You shoot an arrow. The arrow closely misses Ijyb.
Ijyb closely misses you. The grasping roots constrict you.
You die...

#...# ##..#
#.#.#.
#...###..##
#.#.#.
#...##..##
#.#...
#......##
#.####
#.)..###
#.#...
#....# #.##
#...## #.#
#...# #.#
##@## #.#
#g.# #.##
...## #...
...## ####
..... ....
... ...


You could see Ijyb.

Vanquished Creatures
  A hound (D:4)
  2 adders
  A ribbon worm (D:3)
  2 dart slugs
  7 ball pythons
  6 bats
  11 endoplasms
  A giant cockroach (D:1)
  7 goblins
  10 hobgoblins
  3 jackals (D:1)
  9 kobolds
  3 quokkas (D:2)
  7 frilled lizards
  5 rats
75 creatures vanquished.

Notes
Turn   | Place    | Note
-------+----------+-------------------------------------------
     0 | D:1      | qw the Deep Elf Hunter began the quest for the Orb.
     0 | D:1      | Reached XP level 1. HP: 12/12 MP: 3/3
     0 | D:1      | 0 ||| qw: Version: 0.3-a-158-g18b3111
     0 | D:1      | 0 ||| qw: Game counter: 4191
     0 | D:1      | 0 ||| qw: Melee chars always use a shield: true
     0 | D:1      | 0 ||| qw: God list: Okawaru
     0 | D:1      | 0 ||| qw: Allow faded altars: false
     0 | D:1      | 0 ||| qw: Do Orc after clearing Dungeon:15 true
     0 | D:1      | 0 ||| qw: Do second Lair branch before Depths: true
     0 | D:1      | 0 ||| qw: Lair rune preference: random
     0 | D:1      | 0 ||| qw: Goals: Normal
     0 | D:1      | 0 ||| PLANNING D:1-11
    55 | D:1      | Reached XP level 2. HP: 16/16 MP: 4/4
    64 | D:1      | Reached skill level 6 in Ranged Weapons
   342 | D:1      | Reached XP level 3. HP: 20/20 MP: 5/5
   611 | D:1      | 611 ||| UPGRADING to +0 ring mail.
   621 | D:1      | 621 ||| DROPPING +0 leather armour.
   622 | D:1      | 622 ||| UPGRADING to +6 ring of strength.
   623 | D:1      | 623 ||| UPGRADING to +6 ring of dexterity.
   624 | D:1      | 624 ||| READING scroll labelled MOJINANUYWK.
   628 | D:1      | 628 ||| READING scroll labelled KACUXO HOO.
   628 | D:1      | 628 ||| IDENTIFYING brown potion
   629 | D:1      | 629 ||| DROPPING scroll of butterflies.
   696 | D:2      | Reached skill level 7 in Ranged Weapons
   798 | D:2      | Reached skill level 3 in Dodging
   798 | D:2      | Found a faded altar of an unknown god.
  1013 | D:2      | Reached XP level 4. HP: 25/25 MP: 6/6
  1365 | D:2      | 1365 ||| READING scroll of identify.
  1365 | D:2      | 1365 ||| IDENTIFYING orange potion
  1366 | D:2      | 1366 ||| READING 2 scrolls labelled TYUSIME OLEREIHI.
  1367 | D:2      | 1367 ||| READING 2 scrolls labelled LAPHEBODEL.
  1368 | D:2      | 1368 ||| READING scroll labelled AFEUT HE YLUSU.
  1369 | D:2      | 1369 ||| READING scroll labelled XIKHLO FEOTOLO.
  1369 | D:2      | 1369 ||| ENCHANTING +0 ring mail.
  1370 | D:2      | 1370 ||| DRINKING 2 lumpy red potions.
  1371 | D:2      | 1371 ||| DROPPING scroll of blinking.
  1372 | D:2      | 1372 ||| DROPPING scroll of amnesia.
  1373 | D:2      | 1373 ||| DROPPING potion of magic.
  1747 | D:3      | 1747 ||| READING scroll labelled KOZOOL IPULICH.
  1747 | D:3      | 1747 ||| ENCHANTING +0 shortbow.
  1748 | D:3      | 1748 ||| DRINKING 2 glowing clear potions.
  2323 | D:3      | 2323 ||| READING scroll labelled FOLETT IVIUDO.
  2324 | D:3      | 2324 ||| DRINKING 2 amethyst potions.
  2325 | D:3      | 2325 ||| DROPPING potion of degeneration.
  2326 | D:3      | 2326 ||| DROPPING potion of lignification.
  2465 | D:4      | Reached skill level 8 in Ranged Weapons
  2465 | D:4      | Reached XP level 5. HP: 21/29 MP: 7/7
  2482 | D:4      | 2482 ||| FLEEEEING.
  2483 | D:4      | 2483 ||| FLEEEEING.
  2484 | D:4      | 2484 ||| FLEEEEING.
  2537 | D:4      | Noticed Ijyb
  2546 | D:4      | HP: 6/29 [constriction (2)]
  2547 | D:4      | 2547 ||| READING 2 scrolls of teleportation.
  2547 | D:4      | HP: 1/29 [constriction (6)]
  2548 | D:4      | Constricted to death by Ijyb

Levels and vault maps discovered:
D:1:      onia_arrival_handbag, layout_basic, chequers_avenue
D:2:      layout_basic, shapermc_ecumenical_altar_starsandcircs, st_stairs_9
D:3:      layout_basic, serial_co_window_serial, co_window_paths_b,
          co_window_paths_a, co_window_paths_a, co_window_corner_a,
          co_window_paths_a, co_window_of_opportunity_b, co_window_broadway_b,
          co_window_of_opportunity_b, co_window_corner_b, co_window_2corner,
          co_window_broadway_a, co_window_corner_b, co_window_4corner_b,
          co_window_paths_d, glass_columns_a, glass_columns_c,
          minmay_crystal_room
D:4:      layout_basic, uniq_ijyb

Skill      XL: |  1  2  3  4 |
---------------+-------------+-----
Ranged Weapons | 6 7 8 |  8.2
Dodging        | 3 |  3.0
Fighting       | |  1.5
Stealth        | |  1.2

Action                     |  1- 3 |  4- 6 || total
---------------------------+-------+-------++-------
   Fire: Shortbow          |   119 |    66 ||   185
    Use: Scroll            |     2 |     8 ||    10
         Potion            |       |     3 ||     3
 Armour: Leather armour    |     6 |       ||     6
         Ring mail         |     1 |    12 ||    13
         Skin              |       |     1 ||     1
  Dodge: Dodged            |    22 |    13 ||    35

Table legend:
 A = Non-vault XP
 B = Vault XP
 C = Vault XP percentage of total XP
 D = Non-vault monster count
 E = Vault monster count
 F = Vault count percentage of total count
                 A         B        C        D         E       F
            +---------+---------+-------+---------+---------+-------
      Total |     187 |      13 |   6.5 |      67 |       8 |  10.7
            +---------+---------+-------+---------+---------+-------
        D:1 |      52 |       7 |  11.9 |      28 |       4 |  12.5
        D:2 |      44 |       6 |  12.0 |      20 |       4 |  16.7
        D:3 |      39 |       0 |   0.0 |      12 |       0 |   0.0
        D:4 |      52 |       0 |   0.0 |       7 |       0 |   0.0
            +---------+---------+-------+---------+---------+-------
